 Dungeon Crawl Stone Soup version 0.27-a0-1105-g946c659c87 (webtiles) character file.

Game seed: 15648913804549152545

7 voltaire321 the Chopper (level 1, 0/16 HPs)
             Began as a Demonspawn Gladiator on Apr 29, 2021.
             Slain by a hobgoblin
             ... wielding a +0 club
              (2 damage)
             ... on level 1 of the Dungeon.
             The game lasted 00:01:09 (117 turns).

voltaire321 the Chopper (Demonspawn Gladiator)       Turns: 117, Time: 00:01:09

Health: 0/16       AC:  4    Str: 14    XL:     1   Next: 83%
Magic:  1/1        EV: 12    Int:  9    God:
Gold:   27         SH:  0    Dex: 14    Spells: 0/0 levels left

rFire    . . .     SeeInvis .   a - +0 war axe
rCold    . . .     Faith    .   (no shield)
rNeg     . . .     Spirit   .   b - +0 leather armour
rPois    .         Reflect  .   c - +0 helmet
rElec    .         Harm     .   (no cloak)
rCorr    .         Rampage  .   (no gloves)
Will     .....                  (no boots)
Stlth    +.........             (no amulet)
HPRegen  0.05/turn              (no ring)
MPRegen  0.07/turn              (no ring)

@: no status effects
A: no striking features
a: no special abilities


You were on level 1 of the Dungeon.
You visited 1 branch of the dungeon, and saw 1 of its levels.

You collected 27 gold pieces.

Inventory:

Hand Weapons
 a - a +0 war axe (weapon)
Missiles
 d - 3 throwing nets (quivered)
Armour
 b - a +0 leather armour (worn)
 c - a +0 helmet (worn)
Potions
 e - a potion of lignification {unknown}


   Skills:
 + Level 2.1 Fighting
 + Level 2.8 Axes
 + Level 1.9 Throwing
 + Level 2.8 Dodging


You couldn't memorise any spells.
You didn't know any spells.
Your spell library contained the following spells:

 Spells                   Type           Power      Damage    Failure   Level
 Corona                   Hex            0%         N/A       45%         1
 Ensorcelled Hibernation  Hex/Ice        0%         N/A       61%         2
 Confusing Touch          Hex            0%         N/A       83%         3
 Dazzling Flash           Conj/Hex       0%         N/A       83%         3
 Tukima's Dance           Hex            0%         N/A       83%         3


Dungeon Overview and Level Annotations

Branches:
Dungeon (1/15)

Altars:


Message History

A rat comes into view.
A rat and a hobgoblin come into view.
The rat bites you.
You hit the rat.
The rat is heavily wounded.
You hit the rat.
You kill the rat!
The rat bites you.
You slash the rat!
You kill the rat!
The hobgoblin closely misses you.
You slash the hobgoblin!
You kill the hobgoblin!
HP restored.
There is a shaft here.
A giant cockroach and a hobgoblin come into view.
The hobgoblin shouts!
You closely miss the hobgoblin. The hobgoblin completely misses you.
You slash the hobgoblin!
You kill the hobgoblin!
A hobgoblin comes into view. It is wielding a +0 club.
The giant cockroach closely misses you.
You barely miss the hobgoblin.
You hit the giant cockroach but do no damage.
The giant cockroach closely misses you. The hobgoblin misses you.
You closely miss the giant cockroach. You hit the hobgoblin.
The giant cockroach closely misses you.
The hobgoblin hits you but does no damage.
The giant cockroach bites you but does no damage.
You closely miss the giant cockroach. You barely miss the hobgoblin.
The hobgoblin hits you with a +0 club. The giant cockroach closely misses you.
The hobgoblin hits you with a +0 club.
You slash the giant cockroach!
You kill the giant cockroach!
You barely miss the hobgoblin. The hobgoblin hits you with a +0 club.
* * * LOW HITPOINT WARNING * * *
You closely miss the hobgoblin.
The hobgoblin is almost dead.
The hobgoblin hits you with a +0 club.
You die...

#.# ..# #># # #.#
#.# #. #$# #.# #.
#.# #.# #B##.##.#
########.#
....#.####.^......#
#†.......†#.#####
##@.##..........
#g#.##.........#
#.#..........##.#
#.##..###...### .#
..#...## ##.#.# #
######. #.##.# #.
#.# ## #. .# ##


You could see a hobgoblin.

Vanquished Creatures
  A giant cockroach (D:1)
  A goblin (D:1)
  2 hobgoblins (D:1)
  2 rats (D:1)
6 creatures vanquished.

Notes
Turn   | Place    | Note
-------+----------+-------------------------------------------
     0 | D:1      | voltaire321 the Demonspawn Gladiator began the quest for
                  | the Orb.
     0 | D:1      | Reached XP level 1. HP: 16/16 MP: 1/1
   117 | D:1      | Slain by a hobgoblin

Illustrated notes

Levels and vault maps discovered:
D:1:      minmay_arrival_open_corners, layout_loops_ring,
          shapermc_ecumenical_altar_hornbeckon, chequers_serial_rivers_large_b,
          chequers_jeans, minmay_tripent

Action                   || total
-------------------------++-------
Melee: War axe           ||    11
Armor: Leather armour    ||     2
Dodge: Dodged            ||     7

Table legend: (Time is in decaauts)
 A = Elapsed time spent in this place.
 B = Non-inter-level travel time spent in this place.
 C = Inter-level travel time spent in this place.
 D = Time resting spent in this place.
 E = Time spent auto-exploring this place.
 F = Levels seen in this place.
 G = Mean time per level.
                   A        B        C        D        E       F      G
               +--------+--------+--------+--------+--------+-----+--------+
         Total |    120 |    120 |      0 |      0 |     79 |   1 |  120.0 |
       Dungeon |    120 |    120 |      0 |      0 |     79 |   1 |  120.0 |
               +--------+--------+--------+--------+--------+-----+--------+

Top non-repeatable levels by time:
     D:1: 120 daAuts
